 Dungeon Crawl Stone Soup version 0.24.1-14-gf8d2b509d9 (webtiles) character file.

Game seed: 1005434997188790677, levelgen mode: deterministic

50 KlarStein the Skirmisher (level 3, -3/29 HPs)
             Began as a Demonspawn Fighter on July 29, 2020.
             Slain by Natasha (7 damage)
             ... on level 2 of the Dungeon.
             The game lasted 00:06:28 (1616 turns).

KlarStein the Skirmisher (Demonspawn Fighter)       Turns: 1616, Time: 00:06:28

Health: -3/29      AC:  8    Str: 17    XL:     3   Next: 55%
Magic:  3/3        EV:  7    Int:  9    God:
Gold:   40         SH:  9    Dex: 12    Spells: 2/2 levels left

rFire    . . .     SeeInvis .   a - +0 long sword
rCold    . . .     Gourm    .   c - +0 shield
rNeg     . . .     Faith    .   b - +0 scale mail
rPois    .         Spirit   .   (no helmet)
rElec    .         Reflect  .   (no cloak)
rCorr    .         Harm     .   (no gloves)
MR       .....                  (no boots)
Stlth    ..........             (no amulet)
HPRegen  0.09/turn              (no ring)
MPRegen  0.08/turn              (no ring)

@: slowed, very slow
A: thin metallic scales 1, powered by death 1
a: no special abilities


You were on level 2 of the Dungeon.
You were hungry.

You visited 1 branch of the dungeon, and saw 2 of its levels.

You collected 40 gold pieces.

Inventory:

Hand Weapons
 a - a +0 long sword (weapon)
Armour
 b - a +0 scale mail (worn)
 c - a +0 shield (worn)
Scrolls
 m - a scroll of fog {unknown}
Potions
 d - a potion of might
 e - a potion of berserk rage
 i - 2 potions of degeneration
 j - 3 potions of lignification
Comestibles
 f - 5 rations
 g - 2 chunks of flesh


   Skills:
 + Level 3.3 Fighting
 * Level 2.6 Long Blades
 + Level 3.0 Armour
 + Level 3.0 Shields


You had 2 spell levels left.
You didn't know any spells.
Your spell library was empty.

Dungeon Overview and Level Annotations

Branches:
Dungeon (2/15)

Altars:

Annotations:
D:2 Natasha


Innate Abilities, Weirdness & Mutations

You are partially covered in thin metallic scales. (AC +2)
You regenerate a little health from kills.


Message History

You hit Natasha but do no damage. Natasha claws you.
* * * LOW HITPOINT WARNING * * *
Natasha casts a spell.
You closely miss Natasha. You block Natasha's attack.
You closely miss Natasha. Natasha claws you but does no damage.
You are feeling hungry.
You closely miss Natasha. You block Natasha's attack.
Natasha stares at you and mumbles some strange words.
You feel yourself slow down.
You closely miss Natasha. You block Natasha's attack. Natasha claws you.
* * * LOW HITPOINT WARNING * * *
You hit Natasha but do no damage. Natasha barely misses you.
You riposte.
Your shield prevents you from hitting Natasha.
The crimson imp blinks!
Natasha barely misses you.
You riposte.
You slash Natasha!
Natasha is heavily wounded.
You closely miss Natasha.
Natasha is heavily wounded.
Natasha claws you!
You die...

#........# #..
##.#..#.## #.. #.##.#.#
### #.##.#.# # #......#
## ####.#### ##.
#.......# ##..
...########.##....###...
.5..§Sh@...........÷'...
....#######.##....###...
. #.###.#.# ##..
#.###.#.# ##. #.......#
## #####.### # #.# #.#
####.#### #


You could see Natasha, a crimson imp and a ball python.

Vanquished Creatures
  An adder (D:2)
  A dart slug (D:1)
  2 leopard geckos
  4 bats
  2 giant cockroaches (D:1)
  4 goblins
  4 hobgoblins
  6 jackals (D:2)
  A frilled lizard (D:1)
  4 kobolds
  3 rats
32 creatures vanquished.

Notes
Turn   | Place    | Note
-------+----------+-------------------------------------------
     0 | D:1      | KlarStein the Demonspawn Fighter began the quest for the
                  | Orb.
     0 | D:1      | Reached XP level 1. HP: 18/18 MP: 1/1
   370 | D:1      | Gained mutation: You are partially covered in thin metallic
                  | scales. (AC +2) [demonic ancestry]
   370 | D:1      | Reached XP level 2. HP: 24/24 MP: 2/2
  1142 | D:2      | Gained mutation: You regenerate a little health from kills.
                  | [demonic ancestry]
  1142 | D:2      | Reached XP level 3. HP: 22/29 MP: 3/3
  1354 | D:2      | Noticed Natasha
  1616 | D:2      | Slain by Natasha

Levels and vault maps discovered:
D:1:      dpeg_arrival_morbid_curiosity, layout_basic
D:2:      layout_loops_corners, uniq_natasha

Skill      XL: |  1  2 |
---------------+-------+-----
Long Blades    | 2 |  2.6
Armour         | 3 |  3.0
Shields        | 3 |  3.0
Fighting       | |  3.3

Action                   || total
-------------------------++-------
Melee: Long sword        ||   132
  Use: Scroll            ||     6
  Eat: Chunk             ||     2
Armor: Scale mail        ||    75
Dodge: Dodged            ||    41
Block: Shield            ||    74
       Rpst.: Long sword ||    13
